Map: Ever Dream LE

Players

Demi

  • Race: Zerg Zerg
  • League: Master
  • Spawn Location: 7:00

Seither - Winner!

  • Race: Terran Terran
  • Spawn Location: 1:00

Event: DreamHack SC2 Masters 2020 Fall

VOD

Have the link to the VOD?

Description

Time

  • Played on: Aug. 26, 2020, 5:13 a.m.
  • Length: 8:55

All games in this series

Show
View Real Time Build Order
Export as new Build Order

Demi Zerg 

Build Orders: Hatch First, Muta Ling Bane 

Get SALT Encoding   

  12  0:00  Drone  
  13  0:12  Overlord  
  13  0:16  Drone  
  14  0:30  Drone x2  
  16  0:46  Hatchery  
  15  0:50  Drone  
  15  0:54  Drone  
  17  0:58  Drone  
  18  1:07  Extractor  
  17  1:12  Spawning Pool  
  17  1:15  Drone  
  17  1:18  Drone  
  18  1:28  Drone  
  19  1:41  Drone  
  20  1:50  Overlord  
  20  1:59  Queen x2  
  20  2:00  Zergling x2  
  26  2:01  Zergling x2  
  26  2:11  Drone  
  26  2:12  Drone, Metabolic Boost  
  28  2:20  Overlord  
  28  2:22  Drone  
  29  2:33  Drone x2  
  29  2:34  Queen  
  33  2:40  Queen  
  35  2:45  Drone  
  35  2:47  Overlord  
  36  2:53  Drone  
  36  2:58  Drone  
  38  3:03  Drone  
  39  3:07  Drone x4  
  39  3:12  Drone  
  44  3:14  Overlord  
  44  3:15  Drone x2  
  46  3:34  Lair  
  46  3:36  Drone x3  
  46  3:37  Hatchery  
  46  3:39  Extractor  
  47  3:45  Drone x3, Baneling Nest  
  49  3:49  Drone x2  
  51  3:56  Overlord  
  51  4:00  Overlord  
  51  4:03  Extractor  
  51  4:04  Extractor  
  51  4:06  Zergling x6  
  52  4:12  Overlord x2  
  52  4:22  Drone x3  
  52  4:23  Drone x2  
  57  4:33  Spore Crawler  
  57  4:34  Overlord x2  
  56  4:40  Spire  
  56  4:41  Drone x3  
  58  4:55  Zergling x6  
  58  4:56  Zergling x4  
  58  4:57  Baneling  
  58  4:58  Baneling x3  
  63  5:01  Overlord x2  
  63  5:05  Baneling  
  62  5:08  Overseer  
  62  5:09  Zergling x2  
  62  5:10  Zergling x6  
  66  5:16  Queen  
  66  5:17  Drone  
  66  5:18  Drone  
  70  5:27  Queen  
  72  5:29  Drone x2  
  72  5:35  Drone x2  
  76  5:40  Drone x6  
  82  5:45  Centrifical Hooks  
  82  5:56  Mutalisk x3  
  82  5:57  Mutalisk  
  86  6:00  Mutalisk  
  86  6:01  Mutalisk  
  94  6:08  Zergling x2  
  94  6:09  Zergling x8  
  99  6:14  Zergling x4  
  100  6:21  Overlord x2  
  100  6:24  Zergling x14  
  107  6:28  Baneling  
  107  6:29  Baneling x3  
  107  6:31  Baneling x3  
  107  6:32  Baneling x2  
  107  6:36  Zergling x10  
  112  6:45  Zergling x2  
  112  6:46  Zergling x4  
  115  6:52  Zergling x4  
  106  7:05  Zergling x20  
  107  7:16  Zergling x4  
  107  7:24  Mutalisk, Hatchery  
  108  7:37  Mutalisk x4  
  112  7:46  Mutalisk  
  112  7:47  Mutalisk x2  
  108  7:54  Baneling x2  
  108  7:55  Baneling x4  
  105  7:58  Mutalisk  
  105  8:02  Zergling x4  
  107  8:08  Mutalisk  
  80  8:28  Mutalisk x3  
  80  8:32  Zergling x12  
Show
View Real Time Build Order
Export as new Build Order

Seither Terran - Winner!

Build Orders: Reaper Expand 

Get SALT Encoding   

  12  0:01  SCV  
  13  0:13  SCV  
  14  0:16  Supply Depot  
  14  0:25  SCV  
  15  0:38  SCV  
  15  0:41  Barracks  
  16  0:44  Refinery  
  16  0:50  SCV  
  17  1:02  SCV  
  18  1:14  SCV  
  19  1:28  Orbital Command, Reaper  
  20  1:39  Command Center  
  20  1:50  Supply Depot  
  20  1:53  SCV  
  21  2:00  Marine  
  22  2:06  SCV  
  23  2:09  Factory  
  23  2:16  Refinery  
  23  2:18  SCV  
  23  2:21  Barracks Reactor  
  24  2:30  SCV  
  25  2:42  SCV  
  26  2:52  Orbital Command  
  26  2:54  Starport, SCV  
  27  3:06  SCV  
  27  3:08  Hellion x2  
  32  3:12  Barracks Tech Lab  
  32  3:18  SCV x2  
  34  3:30  SCV x2  
  34  3:32  Hellion x2  
  34  3:33  Viking  
  42  3:34  Marine  
  42  3:35  Stimpack  
  42  3:42  SCV x2  
  42  3:44  Supply Depot  
  44  3:56  SCV x2  
  46  4:06  Barracks x2, Starport Reactor, Marine  
  47  4:11  SCV x2  
  47  4:14  Factory Tech Lab, Supply Depot  
  47  4:15  Engineering Bay  
  49  4:23  SCV x2  
  51  4:24  Refinery  
  51  4:26  Marine  
  52  4:35  SCV x2  
  52  4:36  Siege Tank, Supply Depot  
  57  4:43  Terran Infantry Weapons Level 1  
  57  4:46  Marine  
  57  4:49  SCV x2  
  60  4:54  Starport Reactor  
  60  4:55  Marine x2  
  60  4:59  Refinery, Supply Depot  
  62  5:02  SCV  
  62  5:03  SCV, Marine  
  62  5:06  Marine x2  
  67  5:08  Siege Tank  
  70  5:17  Combat Shield  
  70  5:18  Supply Depot  
  70  5:21  SCV x2, Marine  
  73  5:23  Supply Depot  
  73  5:24  Marine x3  
  76  5:31  Medivac  
  78  5:39  Supply Depot  
  78  5:40  Medivac, Marine x2  
  78  5:42  Marine  
  83  5:43  Supply Depot  
  83  5:46  Siege Tank, Marine x2  
  88  5:52  Supply Depot  
  88  5:57  Marine x2  
  88  5:59  Marine  
  88  6:04  Marine  
  91  6:06  Supply Depot  
  91  6:08  Marine  
  93  6:14  Medivac  
  93  6:15  Medivac, Marine x2  
  93  6:18  Siege Tank, Marine  
  102  6:21  Marine  
  104  6:26  Marine  
  104  6:29  Supply Depot  
  105  6:33  Marine x2  
  105  6:34  Command Center  
  105  6:36  Marine  
  105  6:39  Marine  
  109  6:44  Marine  
  109  6:46  Terran Infantry Armor Level 1  
  110  6:50  Siege Tank  
  110  6:51  Marine x2  
  110  6:54  Medivac x2, Marine  
  117  6:57  Marine  
  115  7:02  Marine  
  113  7:09  Marine x2  
  113  7:12  Marine  
  113  7:15  Marine  
  112  7:17  Missile Turret  
  112  7:20  Marine  
  107  7:23  Missile Turret  
  107  7:26  Marine x2  
  107  7:29  Medivac x2, Marine  
  111  7:33  Marine  
  108  7:37  Marine  
  101  7:44  Marine x2  
  101  7:47  Marine  
  101  7:50  Marine  
  99  7:55  Marine  
  97  8:02  Marine x2  
  97  8:05  Marine  
  100  8:06  Orbital Command  
  100  8:08  Marine  
  101  8:13  Marine  
  102  8:20  Marine x2  
  102  8:23  Marine  
  102  8:26  Marine  
  88  8:31  Marine  

Tags
 
Add a new tag
Caveats
  • Supply blocks, unpowered buildings, or Contaminate may cause inaccurate times.
  • Supply counts are checked every 10 seconds.